 Dungeon Crawl Stone Soup version 0.28.0-45-g0d030f2227 (webtiles) character file.

Game seed: 9809456208046677844

3306 Bliebski the Skirmisher (level 9, 0/78 HPs)
             Began as a Demonspawn Gladiator on Apr 16, 2022.
             Slain by a vault guard
             ... wielding a +0 broad axe
              (10 damage)
             ... on level 7 of the Dungeon.
             The game lasted 00:44:45 (8923 turns).

Bliebski the Skirmisher (Demonspawn Gladiator)      Turns: 8923, Time: 00:44:45

Health: 0/78       AC: 10    Str: 18    XL:     9   Next: 70%
Magic:  25/25      EV: 17    Int: 10    God:
Gold:   253        SH:  0    Dex: 21    Spells: 13/17 levels left

rFire   . . .      SeeInvis .   a - +0 rapier
rCold   . . .      Faith    .   (no shield)
rNeg    . . .      Spirit   .   b - +1 leather armour
rPois   .          Reflect  .   c - +0 helmet
rElec   +          Harm     .   (no cloak)
rCorr   .          Rampage  .   o - +0 pair of gloves
Will    .....                   k - +0 pair of boots
Stlth   ++........              h - amulet of the acrobat
HPRegen 0.23/turn               q - ring "Piyrix" {rElec MP+9}
MPRegen 0.19/turn               n - +6 ring of dexterity

@: attractive
A: rugged brown scales 3, demonic touch 2
a: no special abilities


You were on level 7 of the Dungeon.
You visited 1 branch of the dungeon, and saw 7 of its levels.
You also visited: Bailey.

You collected 253 gold pieces.

Inventory:

Hand Weapons
 a - a +0 rapier (weapon)
 u - a +0 hunting sling
 v - a +1 hand crossbow of freezing
Missiles
 i - 268 stones (quivered)
 w - 19 sling bullets
 C - 2 bolts
Armour
 b - a +1 leather armour (worn)
 c - a +0 helmet (worn)
 k - a +0 pair of boots (worn)
 l - a +0 leather armour
 o - a +0 pair of gloves (worn)
Jewellery
 e - a ring of see invisible
 h - an amulet of the acrobat (around neck)
 n - a +6 ring of dexterity (right hand)
 q - the ring "Piyrix" (left hand) {rElec MP+9}
   (You found it on level 4 of the Dungeon)

   [ring of magical power]

   rElec:     It insulates you from electricity.
   MP:        It affects your magic capacity (+9).
 t - a ring of magical power
Wands
 z - a wand of polymorph (4)
 B - a wand of flame (14)
Scrolls
 j - a scroll of identify
Potions
 f - a potion of lignification
 m - 4 potions of curing
 x - 2 potions of brilliance
 A - a potion of attraction


   Skills:
 + Level 7.7 Fighting
 - Level 3.0 Short Blades
 + Level 3.0 Crossbows
 - Level 2.0 Throwing
 + Level 7.4 Dodging
 + Level 4.8 Spellcasting
 + Level 4.9 Ice Magic


You had 13 spell levels left.
You knew the following spells:

 Your Spells              Type           Power      Damage    Failure   Level
a - Freeze                Ice            48%        1d7       3%          1
b - Frozen Ramparts       Ice            24%        1d4       11%         3

Your spell library contained the following spells:

 Spells                   Type           Power      Damage    Failure   Level
 Sublimation of Blood     Necr           2%         N/A       38%         2
 Wereblood                Tmut           2%         N/A       38%         2
 Hailstorm                Conj/Ice       7%         3d4       69%         4
 Summon Hydra             Summ           1%         N/A       100%        7


Dungeon Overview and Level Annotations

Branches:
Dungeon (7/15)             Bailey (visited)
 Temple: D:4-7

Altars:
Fedhas
Kikubaaqudgha
Okawaru
Ru
Yredelemnul

Shops:
D:3 [

Annotations:
D:2 exclusion: downstairs
D:5 exclusion: downstairs


Innate Abilities, Weirdness & Mutations

You are completely covered in rugged brown scales. (AC +3, +7% HP)
Your touch may inflict irresistible damage on your foes.


Message History

The wall freezes the vault guard.
The vault guard hits you with a +0 broad axe!
The wall freezes the vault guard.
The vault guard hits you with a +0 broad axe.
Your frozen ramparts will break if you move.
Continue?
Okay, then.
As you read the scroll labelled XOF SOLYKHLI, it crumbles to dust.
The scroll dissolves into smoke.
It was a scroll of fog.
The frozen ramparts melt away.
The vault guard closely misses you.
As you read the scroll of immolation, it crumbles to dust.
The creatures around you are filled with an inner flame!
The vault guard barely misses you.
You hit the vault guard.
Flame seeps out of the vault guard.
The vault guard is moderately wounded.
The vault guard misses you.
You completely miss the vault guard.
The vault guard is moderately wounded.
The vault guard barely misses you.
You hit the vault guard but do no damage.
Flame seeps out of the vault guard.
You touch the vault guard.
The vault guard is moderately wounded.
The vault guard misses you.
You hit the vault guard but do no damage.
The vault guard is moderately wounded.
The vault guard hits you with a +0 broad axe!
You hit the vault guard but do no damage.
Flame seeps out of the vault guard.
You touch the vault guard.
The vault guard is moderately wounded.
The vault guard completely misses you.
You hit the vault guard but do no damage.
The vault guard is moderately wounded.
The vault guard hits you with a +0 broad axe!!
* * * LOW HITPOINT WARNING * * *
It was a potion of attraction.
You feel attractive to monsters.
The vault guard hits you with a +0 broad axe!
* * * LOW HITPOINT WARNING * * *
You feel better.
The vault guard hits you with a +0 broad axe!
You die...

#.##### ####...#### #.....#
##.......l.##
#.###..##...##..###
#.#_..###_._###.._# ##
#.###..#######..###... #.#
##......l..####.#
#.########§#####.<..#
##.....§§§#§#......#.##
)####...##@p§§§§§.(..(<...#
......#.##.########.##.....
.####..<##.# ##.###≈♣≈#
##.###.# #...#♣♣♣♣♣ #. #.#
###..#P♣P≈≈≈ #. #.#
#≈≈..≈≈≈≈≈≈≈ #. #.#
♣P≈....p.... .> ).#
#P≈P≈≈.≈≈≈P≈≈≈ #.
♣P≈≈≈≈.≈≈≈≈P≈≈


You could see a vault guard (inner flame).

Vanquished Creatures
  Prince Ribbit (Bailey)
  Sigmund (D:3)
  4 humans (Bailey)
  Eustachio (D:5)
  A steam dragon (D:6)
  An ice beast (D:6)
  A sky beast (D:6)
  A necrophage (D:2)
  A centaur (D:6)
  3 phantoms
  14 bullfrogs
  A scorpion (D:6)
  A howler monkey (D:6)
  2 electric eels (D:7)
  A centaur skeleton (D:5)
  3 hounds
  2 iguanas
  An orc wizard (D:3)
  13 gnolls
  7 adders
  2 worms (D:2)
  4 dart slugs
  11 orcs
  5 bats
  9 endoplasms
  A giant cockroach (D:2)
  9 goblins
  6 hobgoblins
  4 jackals
  4 quokkas (D:2)
  7 ball pythons
  4 frilled lizards
  6 kobolds
  7 rats
139 creatures vanquished.

Vanquished Creatures (others)
  2 plants (D:7)
2 creatures vanquished.

Grand Total: 141 creatures vanquished

Notes
Turn   | Place    | Note
-------+----------+-------------------------------------------
     0 | D:1      | Bliebski the Demonspawn Gladiator began the quest for the
                  | Orb.
     0 | D:1      | Reached XP level 1. HP: 16/16 MP: 1/1
   132 | D:1      | Gained mutation: Your touch may inflict minor irresistible
                  | damage on your foes. [demonic ancestry]
   132 | D:1      | Reached XP level 2. HP: 20/22 MP: 2/2
   579 | D:1      | Reached XP level 3. HP: 28/28 MP: 3/3
   788 | D:1      | Found a faded altar of an unknown god.
  1453 | D:2      | Noticed a necrophage
  1457 | D:2      | Killed a necrophage
  1458 | D:2      | Gained mutation: Your touch may inflict irresistible damage
                  | on your foes. [demonic ancestry]
  1458 | D:2      | Reached XP level 4. HP: 33/36 MP: 4/4
  1569 | D:2      | Reached XP level 5. HP: 42/42 MP: 5/5
  2876 | D:3      | Found Eckusa's Antique Armour Shoppe.
  3089 | D:3      | Noticed Sigmund
  3553 | D:3      | Killed Sigmund
  3554 | D:3      | Reached skill level 5 in Dodging
  3554 | D:3      | Reached XP level 6. HP: 38/50 MP: 6/6
  3981 | D:3      | Found Eckusa's Antique Armour Shoppe.
  4391 | D:4      | Identified the ring "Piyrix" {rElec MP+9}
  4424 | D:3      | Reached skill level 5 in Fighting
  4999 | D:4      | Learned a level 1 spell: Freeze
  5003 | D:4      | Learned a level 3 spell: Frozen Ramparts
  5012 | D:5      | Entered Level 5 of the Dungeon
  5048 | D:5      | Gained mutation: You are partially covered in rugged brown
                  | scales. (AC +1, +3% HP) [demonic ancestry]
  5048 | D:5      | Reached XP level 7. HP: 42/57 MP: 7/7
  5339 | D:4      | Reached skill level 1 in Spellcasting
  5339 | D:4      | Reached skill level 1 in Ice Magic
  5723 | D:5      | Noticed Eustachio
  5733 | D:5      | Killed Eustachio
  5951 | D:6      | Noticed a steam dragon
  5962 | D:5      | Gained mutation: You are mostly covered in rugged brown
                  | scales. (AC +2, +5% HP) [demonic ancestry]
  5962 | D:5      | Reached XP level 8. HP: 55/67 MP: 11/11
  7599 | D:6      | Found an iron altar of Okawaru.
  7773 | D:7      | Found an ancient bone altar of Kikubaaqudgha.
  7773 | D:7      | Found a blossoming altar of Fedhas.
  7784 | D:7      | Found a sacrificial altar of Ru.
  7786 | D:7      | Found a basalt altar of Yredelemnul.
  7788 | D:7      | Found a faded altar of an unknown god.
  7940 | D:7      | Found a flagged portal.
  8000 | Bailey   | Entered a bailey
  8016 | Bailey   | Reached skill level 1 in Crossbows
  8023 | Bailey   | Gained mutation: You are completely covered in rugged brown
                  | scales. (AC +3, +7% HP) [demonic ancestry]
  8023 | Bailey   | Reached XP level 9. HP: 58/77 MP: 14/14
  8546 | Bailey   | Noticed Prince Ribbit
  8546 | Bailey   | Noticed a vault guard
  8569 | Bailey   | Killed Prince Ribbit
  8922 | D:7      | HP: 2/78 [vault guard/+0 broad axe (15)]
  8923 | D:7      | Slain by a vault guard

Illustrated notes

Levels and vault maps discovered:
D:1:      dpeg_arrival_morbid_curiosity, layout_basic,
          ebering_ecumenical_altar_rust
D:2:      minmay_recursive_quarters, layout_basic, grunt_ministairs_2
D:3:      layout_loops_ring, serial_shops, shop, uniq_sigmund
D:4:      layout_cave_pools
D:5:      layout_cave_pools, serial_rivers, chequers_serial_rivers_marsh,
          chequers_serial_rivers_micro_b, chequers_serial_rivers_micro_b,
          chequers_serial_rivers_room_a, chequers_serial_rivers_small_b,
          chequers_serial_rivers_micro_d, uniq_eustachio
D:6:      layout_cave_pods, mainiacjoe_overflow_brackets, serial_column_ruins,
          column_ruins_open_large, column_ruins_open_tiny,
          column_ruins_corridor_corner, column_ruins_corridor_straight
D:7:      layout_loops_ring, chequers_temple_overflow_minitemple,
          lemuel_temple_firewalk_b, enter_bailey_6, serial_bayou_lagoon_a,
          serial_park_tiny_2, serial_bayou_lagoon_b

Skill      XL: |  1  2  3  4  5  6  7  8  9 |
---------------+----------------------------+-----
Throwing       | 2 |  2.0
Short Blades   | 3 |  3.0
Dodging        | 3 4 5 6 7 |  7.4
Fighting       | 3 4 5 6 7 |  7.7
Spellcasting   | 2 3 4 |  4.8
Ice Magic      | 2 3 4 |  4.9
Crossbows      | 1 3 |  3.0

Action                   |  1- 3 |  4- 6 |  7- 9 || total
-------------------------+-------+-------+-------++-------
Melee: Rapier            |    61 |   134 |   261 ||   456
       Touch             |    13 |    26 |    56 ||    95
       Punch             |       |     3 |     4 ||     7
       Unarmed           |       |       |     6 ||     6
 Fire: Hand crossbow     |       |       |    37 ||    37
Throw: Throwing net      |     1 |       |     3 ||     4
       Stone             |       |     2 |     4 ||     6
 Cast: Freeze            |       |       |     1 ||     1
       Frozen Ramparts   |       |       |     6 ||     6
Evoke: Wand              |       |       |     1 ||     1
  Use: Scroll            |       |     4 |    11 ||    15
       Potion            |       |       |     5 ||     5
 Stab: Distracted        |       |     1 |       ||     1
       Sleeping          |       |     1 |       ||     1
       Confused          |       |       |     1 ||     1
Armor: Leather armour    |    16 |    27 |    67 ||   110
Dodge: Dodged            |    51 |    87 |   242 ||   380
